 Dungeon Crawl Stone Soup version 0.26.1-11-gd32895ea62 (webtiles) character file.

Game seed: 17152703823706581426

2078 raph the Reanimator (level 9, -1/60 (62) HPs)
             Began as a Human Necromancer on May 6, 2021.
             Slain by a wight
             ... wielding a cursed +0 halberd
              (7 damage)
             ... on level 5 of the Dungeon.
             The game lasted 00:20:30 (11096 turns).

raph the Reanimator (Human Necromancer)            Turns: 11096, Time: 00:20:31

HP:   -1/60 (62)    AC:  4    Str:  9    XL:     9   Next: 51%
MP:   15/16         EV: 31    Int: 19    God:
Gold: 266           SH:  0    Dex: 19    Spells: 4/18 levels left

rFire    . . .     SeeInvis .   w - +3 dagger (drain)
rCold    . . .     Faith    .   (no shield)
rNeg     . . .     Spirit   .   h - +0 robe
rPois    .         Reflect  .   (no helmet)
rElec    .         Harm     .   q - +1 cloak
rCorr    .         Rampage  .   (no gloves)
Will     .....                  (no boots)
Stlth    +++.......             k - amulet of the acrobat
HPRegen  0.20/turn              l - +6 ring of dexterity
MPRegen  0.15/turn              u - ring of wizardry

@: acrobat, lightly drained
A: no striking features
a: no special abilities


You were on level 5 of the Dungeon.
You visited 1 branch of the dungeon, and saw 6 of its levels.

You collected 266 gold pieces.

Inventory:

Hand Weapons
 a - a +0 dagger of electrocution
 g - a +1 whip
 w - a +3 dagger of draining (weapon)
Armour
 h - a +0 robe (worn)
 q - a +1 cloak (worn)
Magical Staves
 b - an uncursed staff of death
Jewellery
 k - an amulet of the acrobat (around neck)
 l - a +6 ring of dexterity (left hand)
 m - the ring "Hudew" {rPois MP-9 Str+5 Int+6}
   (You found it on level 4 of the Dungeon)

   [ring of intelligence]

   It affects your strength (+5).
   It affects your intelligence (+6).
   It protects you from poison.
   It affects your magic capacity (-9).
 u - a ring of wizardry (right hand)
Wands
 f - a wand of polymorph (2)
 s - a wand of enslavement (9)
Scrolls
 o - 2 scrolls of identify
 r - 2 scrolls of remove curse
 t - 2 scrolls of magic mapping
 x - a scroll of fear
Potions
 c - 2 potions of lignification {unknown}
 e - 4 potions of flight
 i - 2 potions of attraction
 j - 2 potions of resistance
 n - a potion of cancellation {unknown}
 p - a potion of invisibility
 v - a potion of might {unknown}


   Skills:
 + Level 2.9 Fighting
 + Level 5.4 Dodging
 + Level 5.8 Stealth
 + Level 5.1 Spellcasting
 * Level 8.3 Necromancy


You had 4 spell levels left.
You knew the following spells:

 Your Spells              Type           Power        Failure   Level
a - Pain                  Necr           100%         1%          1
b - Animate Skeleton      Necr           72%          1%          1
c - Vampiric Draining     Necr           18%          1%          3
d - Animate Dead          Necr           18%          1%          4
e - Agony                 Necr           36%          4%          5

Your spell library contained the following spells:

 Spells                   Type           Power        Failure   Level


Dungeon Overview and Level Annotations

Branches:
Dungeon (6/15)
 Temple: D:4-7

Altars:
Dithmenos
Fedhas

Shops:
D:4 :


Message History

The wight is moderately damaged.
The wight hits you with a cursed +0 halberd.
You feel drained.
You hit the wight but do no damage.
The wight is moderately damaged.
The wight misses you.
You hit the wight.
The wight is moderately damaged.
You hit the wight but do no damage.
The wight is moderately damaged.
The wight closely misses you.
You barely miss the wight.
The wight is moderately damaged.
The wight hits you with a cursed +0 halberd!
* * * LOW HITPOINT WARNING * * *
Okay, then.
The wight hits you with a cursed +0 halberd!
* * * LOW HITPOINT WARNING * * *
The wight hits you from afar with a cursed +0 halberd!
You die...

..>.......#
#..#.##..###..##..##.
..........#
##.#.....###......##.
..........#
#...#.#..#..#######.
..........# ##.##.#.....#
#.
....[.....#####..#.####.##
#. .............###.#.#
#.# #. ..........##.#
#...# #.# #.
####.#######.####.z# #.#
#. #.# #....@.>#
#.########. #.# #########
#.#........ #.#
#.#.####### ####.# #.#.#
...#.# #.#.# ## ...#.#
#.#.######. ...#.#
#.#.#...... ...#.###
###########.#.#.####.
.......#
#.............#.#..#.


You could see a wight.

Vanquished Creatures
  4 yaks
  Duvessa (D:6)
  An orc warrior (D:3)
  An ice beast (D:5)
  An ogre (D:2)
  A centaur (D:5)
  A big kobold (D:6)
  2 bullfrogs
  Dowan (D:6)
  2 scorpions (D:5)
  A water moccasin skeleton (D:4)
  A howler monkey (D:2)
  A centaur zombie (D:6)
  2 hounds
  2 orc priests
  5 orc wizards
  Crazy Yiuf (D:2)
  A centaur skeleton (D:4)
  2 worker ants
  5 gnolls
  5 adders
  A white imp (D:5)
  2 ufetubi (D:5)
  An adder skeleton (D:6)
  A worm (D:6)
  3 dart slugs
  5 leopard geckos
  18 orcs
  A ball python (D:1)
  3 giant cockroaches
  3 goblins
  10 hobgoblins
  15 kobolds
  A quokka (D:5)
  A ball python zombie (D:5)
  7 bats
  A frilled lizard (D:2)
  4 rats
118 creatures vanquished.

Vanquished Creatures (collateral kills)
  An orc (D:3)
1 creature vanquished.

Vanquished Creatures (others)
  A plant (D:2)
  11 toadstools (D:6)
12 creatures vanquished.

Grand Total: 131 creatures vanquished

Notes
Turn   | Place    | Note
-------+----------+-------------------------------------------
     0 | D:1      | raph the Human Necromancer began the quest for the Orb.
     0 | D:1      | Reached XP level 1. HP: 13/13 MP: 3/3
   265 | D:1      | Reached XP level 2. HP: 15/19 MP: 0/5
   351 | D:1      | Learned a level 1 spell: Animate Skeleton
   908 | D:1      | Reached XP level 3. HP: 22/24 MP: 3/6
   912 | D:1      | Learned a level 3 spell: Vampiric Draining
  1499 | D:2      | Found a blossoming altar of Fedhas.
  1885 | D:2      | Noticed a bullfrog
  1907 | D:2      | Killed a bullfrog
  1908 | D:2      | Reached XP level 4. HP: 7/30 MP: 0/8
  1908 | D:2      | Reached XP level 5. HP: 8/35 MP: 0/9
  2177 | D:2      | Reached skill level 5 in Necromancy
  2446 | D:2      | Found a runed translucent door.
  2447 | D:2      | Noticed Crazy Yiuf
  2454 | D:2      | Killed Crazy Yiuf
  2790 | D:2      | Noticed an ogre
  2797 | D:2      | Killed an ogre
  2798 | D:2      | Reached XP level 6. HP: 40/41 MP: 1/10
  2803 | D:2      | Learned a level 4 spell: Animate Dead
  3160 | D:3      | Noticed an orc warrior
  4202 | D:3      | Killed an orc warrior
  4203 | D:3      | Reached XP level 7. HP: 20/46 MP: 0/12
  4320 | D:3      | Reached skill level 6 in Necromancy
  5750 | D:4      | Found Xabu's Book Shoppe.
  6072 | D:4      | Got a coiled brass ring
  6073 | D:4      | Identified the ring "Hudew" {rPois MP-9 Str+5 Int+6} (You
                  | found it on level 4 of the Dungeon)
  6227 | D:5      | Entered Level 5 of the Dungeon
  6312 | D:5      | Found a shadowy altar of Dithmenos.
  6388 | D:5      | Reached XP level 8. HP: 48/52 MP: 5/13
  6958 | D:5      | Noticed a yak
  6960 | D:5      | Noticed a yak
  6961 | D:5      | Noticed a yak
  6964 | D:5      | Killed a yak
  6965 | D:5      | Reached skill level 7 in Necromancy
  6966 | D:5      | Noticed a yak
  7532 | D:5      | Killed a yak
  7533 | D:5      | Reached skill level 1 in Fighting
  7764 | D:5      | Reached skill level 5 in Stealth
  9070 | D:5      | Killed a yak
  9071 | D:5      | Reached XP level 9. HP: 47/61 MP: 3/16
  9197 | D:4      | HP: 3/61 [yak (12)]
  9608 | D:4      | Reached skill level 5 in Dodging
  9899 | D:6      | Reached skill level 8 in Necromancy
 10176 | D:6      | Noticed Duvessa
 10177 | D:6      | Noticed Dowan
 10193 | D:6      | Killed Duvessa
 10194 | D:6      | Reached skill level 5 in Spellcasting
 10281 | D:6      | Killed Dowan
 10986 | D:6      | Learned a level 5 spell: Agony
 11096 | D:5      | Slain by a wight

Illustrated notes

Levels and vault maps discovered:
D:1:      dpeg_arrival_snail, layout_loops_ring
D:2:      minmay_evil_eye, layout_rooms, fedhas_altar_1, uniq_crazy_yiuf_cottage
D:3:      layout_basic
D:4:      minmay_octagon_keep, layout_loops_ring, serial_shops, shop
D:5:      layout_basic, nicolae_dithmenos_shadow_blocks
D:6:      cheibrodos_fertilizer, layout_cave_pools, uniq_duvessa

Skill      XL: |  1  2  3  4  5  6  7  8  9 |
---------------+----------------------------+-----
Stealth        | 3 4 5 |  5.8
Necromancy     | 5 6 7 8 |  8.3
Dodging        | 3 4 5 |  5.4
Spellcasting   | 3 4 5 |  5.1
Fighting       | 2 |  2.9

Action                   |  1- 3 |  4- 6 |  7- 9 || total
-------------------------+-------+-------+-------++-------
Melee: Whip              |     5 |    16 |       ||    21
       Dagger            |       |       |    61 ||    61
       Staff             |       |       |    19 ||    19
 Cast: Pain              |    52 |    56 |   131 ||   239
       Animate Skeleton  |     1 |     7 |     5 ||    13
       Vampiric Draining |       |     5 |    44 ||    49
       Animate Dead      |       |       |     1 ||     1
       Agony             |       |       |     1 ||     1
  Use: Scroll            |       |     9 |     7 ||    16
       Potion            |       |       |     1 ||     1
 Stab: Sleeping          |       |       |     3 ||     3
Armor: Robe              |     7 |    11 |    17 ||    35
Dodge: Dodged            |    17 |    49 |   139 ||   205
